Map: Eternal Empire LE

Players

Obvi

  • Race: Zerg Zerg
  • League: Diamond
  • Spawn Location: 7:00

FridgeIzSick - Winner!

  • Race: Terran Terran
  • League: Diamond
  • Spawn Location: 1:00

VOD

Have the link to the VOD?

Description

Time

  • Played on: Aug. 3, 2023, 4:30 p.m.
  • Length: 13:33
Show
View Real Time Build Order
Export as new Build Order

Obvi Zerg 

Build Orders: Hatch First 

Get SALT Encoding   

  12  0:00  Drone  
  13  0:12  Overlord  
  13  0:16  Drone  
  14  0:32  Drone x2  
  16  0:35  Drone  
  17  0:53  Hatchery  
  17  0:55  Drone  
  17  0:58  Drone  
  18  1:10  Extractor  
  17  1:14  Spawning Pool  
  17  1:16  Drone  
  17  1:20  Drone  
  18  1:28  Drone  
  19  1:43  Overlord  
  19  1:50  Drone  
  20  2:00  Queen  
  22  2:02  Zergling x2  
  22  2:04  Queen  
  22  2:06  Zergling x2  
  26  2:19  Metabolic Boost  
  26  2:22  Drone  
  27  2:23  Drone x2  
  29  2:31  Drone  
  29  2:35  Drone  
  30  2:48  Queen  
  30  2:50  Drone x3  
  35  2:57  Hatchery  
  34  3:01  Overlord  
  34  3:06  Overlord  
  34  3:20  Drone  
  34  3:21  Drone x4  
  34  3:24  Drone x2  
  41  3:29  Drone x2  
  41  3:30  Drone  
  41  3:34  Queen  
  44  3:38  Drone  
  47  3:43  Drone  
  48  3:49  Drone  
  48  3:50  Drone  
  49  4:01  Drone  
  49  4:02  Drone  
  51  4:03  Overlord  
  51  4:04  Overlord  
  51  4:18  Zergling x6  
  51  4:19  Zergling x6  
  51  4:23  Baneling Nest  
  51  4:24  Extractor  
  55  4:31  Drone x6  
  61  4:32  Overlord  
  61  4:39  Drone x3  
  61  4:45  Lair  
  64  4:52  Drone x2  
  66  4:53  Drone x2  
  66  4:54  Evolution Chamber  
  66  4:55  Evolution Chamber  
  66  4:59  Extractor  
  65  5:03  Drone x5  
  70  5:07  Overlord x3  
  70  5:08  Overlord  
  70  5:16  Drone x3  
  70  5:18  Zergling x2  
  74  5:25  Queen x2  
  74  5:27  Baneling x10  
  72  5:40  Zergling x8  
  68  5:49  Hatchery  
  59  5:53  Zergling x14  
  62  5:58  Zergling x4  
  62  6:01  Queen  
  66  6:07  Queen x2  
  66  6:11  Zergling x2  
  65  6:13  Baneling  
  65  6:20  Zergling x6  
  68  6:27  Zergling x10  
  65  6:47  Zerg Melee Weapons Level 1  
  65  6:48  Drone  
  66  7:01  Drone x2  
  66  7:02  Drone  
  66  7:03  Drone x3  
  66  7:05  Baneling x5  
  72  7:08  Drone  
  72  7:09  Drone x2  
  75  7:20  Drone x6  
  81  7:23  Drone x3  
  81  7:24  Drone  
  81  7:29  Zergling x2  
  85  7:37  Zerg Ground Armor Level 1  
  85  7:40  Zergling x2  
  85  7:41  Zergling x16  
  94  7:44  Extractor  
  94  7:50  Extractor  
  94  7:51  Extractor  
  91  7:52  Queen  
  91  7:53  Queen  
  95  8:00  Drone x2  
  95  8:02  Drone  
  95  8:03  Extractor, Drone x3  
  95  8:05  Drone x3  
  103  8:06  Drone  
  103  8:07  Drone  
  103  8:08  Drone  
  106  8:16  Baneling x9  
  106  8:17  Overlord x3  
  106  8:18  Drone x3  
  106  8:19  Drone x2  
  111  8:26  Infestation Pit  
  110  8:34  Extractor, Drone  
  110  8:35  Drone x3  
  110  8:36  Zergling x2  
  110  8:37  Zergling x4  
  110  8:38  Zergling x2  
  110  8:39  Zergling x2  
  118  8:41  Zergling x2  
  118  8:46  Zergling x6, Hatchery  
  118  8:47  Zergling x2, Hatchery  
  121  8:51  Zergling x4  
  121  8:52  Zergling x2  
  121  8:54  Spore Crawler  
  123  8:55  Spine Crawler  
  123  8:56  Spine Crawler  
  123  8:57  Zergling x2  
  122  9:05  Baneling x2, Hatchery  
  122  9:08  Zergling x2  
  122  9:09  Zergling x12  
  126  9:11  Zergling x2  
  126  9:12  Zergling x4  
  121  9:20  Zergling x2  
  121  9:21  Zergling x12  
  121  9:23  Zergling x2  
  103  9:31  Zergling x2  
  101  9:32  Baneling x2  
  101  9:33  Baneling x6  
  101  9:34  Zergling x4  
  101  9:35  Zerg Ground Armor Level 2, Zerg Melee Weapons Level 2  
  101  9:37  Zergling x2  
  100  9:40  Baneling x2  
  100  9:42  Zergling x2  
  100  9:44  Baneling x2  
  100  9:47  Zergling x4  
  100  9:49  Baneling x8  
  94  10:02  Zergling x10  
  94  10:04  Zergling x2  
  94  10:05  Zergling x4  
  97  10:09  Zergling x14  
  104  10:20  Zergling x2  
  104  10:21  Zergling x14  
  112  10:26  Zergling x2  
  113  10:31  Hatchery  
  113  10:32  Zergling x14  
  119  10:40  Zergling x6  
  122  10:46  Hive  
  122  10:48  Zergling x8  
  118  11:04  Zergling x18  
  118  11:05  Zergling x6  
  130  11:17  Drone  
  131  11:18  Overlord x4  
  129  11:41  Zergling x24  
  120  11:51  Zergling x14  
  100  11:55  Zergling x2  
  101  12:04  Zergling x12  
  107  12:09  Zergling x8  
  107  12:10  Zergling x2  
  107  12:14  Baneling  
  107  12:15  Baneling x5  
  106  12:21  Zergling x8  
  97  12:28  Zergling x2  
  86  12:31  Zergling x6  
  86  12:35  Zergling x2  
  86  12:36  Zergling x4, Baneling  
  83  12:37  Baneling  
  83  12:40  Zergling x8  
  82  12:46  Ultralisk Cavern  
  82  12:50  Hydralisk Den  
  82  12:51  Spire  
  62  12:52  Roach Warren  
  62  12:53  Zergling x6  
  62  12:54  Zergling x2  
  62  12:58  Zergling x2  
  61  13:05  Hatchery  
  51  13:08  Zergling x4  
  51  13:11  Zergling x2  
Show
View Real Time Build Order
Export as new Build Order

FridgeIzSick Terran - Winner!

Build Orders: Reaper Expand 

Get SALT Encoding   

  12  0:00  SCV  
  13  0:12  SCV  
  14  0:17  Supply Depot  
  14  0:24  SCV  
  15  0:38  SCV  
  15  0:40  Barracks  
  16  0:44  Refinery  
  16  0:50  SCV  
  17  1:03  SCV  
  18  1:15  SCV  
  19  1:28  Reaper  
  19  1:29  Orbital Command  
  20  1:45  Command Center  
  20  1:55  SCV  
  20  1:56  Supply Depot  
  20  2:00  Marine  
  22  2:07  SCV  
  23  2:12  Factory  
  23  2:19  SCV  
  23  2:20  Refinery  
  24  2:25  Barracks Reactor  
  24  2:31  SCV  
  25  2:43  SCV  
  26  2:55  SCV  
  26  2:58  Orbital Command  
  26  3:01  Starport  
  26  3:07  Barracks Tech Lab, SCV  
  26  3:09  Hellion x2  
  31  3:19  SCV  
  32  3:24  SCV  
  32  3:26  Marauder  
  35  3:30  Hellion  
  35  3:31  Hellion, SCV  
  40  3:39  Viking  
  40  3:41  Supply Depot  
  42  3:47  Marauder  
  44  3:52  Hellion  
  48  4:02  Hellion  
  48  4:05  Supply Depot  
  48  4:09  Medivac, Marauder  
  52  4:16  SCV x2  
  53  4:19  Concussive Shells  
  53  4:26  Armory  
  53  4:28  SCV x2  
  57  4:38  Hellion  
  57  4:39  Hellion  
  57  4:40  SCV x2  
  61  4:53  Command Center  
  61  4:58  SCV  
  61  4:59  Barracks  
  62  5:00  Barracks  
  62  5:10  Factory Tech Lab, Supply Depot  
  62  5:26  Stimpack  
  62  5:27  Starport Reactor  
  62  5:31  Marine, SCV x2  
  68  5:42  Siege Tank  
  68  5:43  SCV  
  68  5:44  SCV  
  68  5:47  Engineering Bay  
  68  5:48  Engineering Bay  
  61  5:56  SCV x2  
  63  6:00  Marine  
  64  6:08  SCV  
  63  6:12  Marine x2  
  63  6:14  Orbital Command  
  63  6:15  Siege Tank  
  63  6:17  Marine, Refinery  
  63  6:18  SCV  
  70  6:30  Marine x2  
  68  6:35  Marine, Starport Reactor  
  68  6:36  SCV  
  68  6:39  Orbital Command  
  62  6:41  Refinery  
  62  6:42  Terran Infantry Weapons Level 1  
  62  6:43  Terran Infantry Armor Level 1  
  62  6:47  Siege Tank  
  65  6:48  Marine x2  
  65  6:49  SCV  
  65  6:50  Barracks  
  65  6:51  Barracks  
  65  6:53  Marine  
  69  6:56  SCV  
  66  7:05  Supply Depot  
  66  7:06  Marine, SCV x2  
  69  7:11  Marine  
  69  7:12  SCV  
  71  7:18  SCV x2  
  71  7:19  Marine x3, Siege Tank  
  71  7:20  Combat Shield  
  79  7:23  Marine  
  79  7:24  SCV  
  79  7:29  Marine  
  81  7:32  Medivac  
  81  7:33  Medivac, SCV  
  81  7:34  SCV  
  81  7:36  SCV  
  88  7:37  Marine x2  
  88  7:38  Barracks Reactor x2  
  90  7:45  SCV  
  90  7:46  Supply Depot, SCV  
  90  7:47  Supply Depot  
  90  7:49  SCV  
  93  7:55  Armory  
  93  8:03  Refinery  
  93  8:04  Refinery  
  93  8:07  Marine x4  
  93  8:08  Marine, Siege Tank, SCV x3  
  93  8:09  Missile Turret  
  93  8:10  Supply Depot  
  93  8:12  Missile Turret  
  104  8:15  Medivac  
  104  8:17  Medivac  
  104  8:18  Marine  
  104  8:19  Marine  
  110  8:20  SCV x3  
  110  8:25  Marine  
  114  8:29  Supply Depot  
  114  8:31  Marine x4  
  114  8:32  SCV x3  
  121  8:39  Marine  
  121  8:40  Marine x3  
  125  8:45  Terran Infantry Weapons Level 2  
  125  8:46  Factory  
  125  8:49  Terran Infantry Armor Level 2  
  125  8:51  Marine x4, SCV x3  
  132  8:56  Terran Vehicle Weapons Level 1  
  132  9:00  Marine  
  133  9:15  Marine x4  
  133  9:19  Marine x5, SCV  
  133  9:20  SCV  
  133  9:40  Supply Depot x2, Marine x8  
  133  9:44  Siege Tank  
  143  9:50  Barracks Reactor  
  143  9:54  Siege Tank  
  143  9:58  Marine x8  
  148  10:16  Marine x8, Siege Tank  
  159  10:26  Siege Tank  
  159  10:27  Command Center  
  162  10:28  Command Center  
  162  10:34  Marine x3  
  165  10:37  Sensor Tower  
  165  10:44  Supply Depot  
  165  10:45  Marine x2, Medivac x2  
  165  10:48  Siege Tank  
  174  10:51  Marine x5  
  174  10:54  Marine x2  
  174  10:56  Marine  
  180  10:58  Siege Tank  
  181  11:05  Marine x2  
  181  11:09  Marine x5  
  188  11:12  Marine  
  188  11:17  Supply Depot x2  
  189  11:38  Marine x5  
  189  11:39  Marine x3, Siege Tank  
  200  11:48  Marine x2  
  200  11:49  Siege Tank  
  196  11:57  Liberator  
  199  12:02  Planetary Fortress  
  199  12:03  Planetary Fortress  
  199  12:06  Marine  
  200  12:32  Marine  
  200  12:33  Marine, Siege Tank x2  
  187  12:39  Marine x2  
  187  12:40  Marine x2  
  189  12:52  Marine x2  
  189  12:55  Marine  
  189  12:58  Marine x2  
  189  13:07  Marine x5  
  189  13:10  Marine x2  
  195  13:13  Marine  
Tags
 
Add a new tag
Caveats
  • Supply blocks, unpowered buildings, or Contaminate may cause inaccurate times.
  • Supply counts are checked every 10 seconds.